Map: Dusk Towers

Players

Miszu

  • Race: Terran Terran
  • League: Grandmaster

IIIIIIIIIIII - Winner!

  • Race: Zerg Zerg
  • League: Master

VOD

Have the link to the VOD?

Description

Time

  • Played on: Feb. 19, 2016, 5:27 p.m.
  • Length: 6:06
Show
View Real Time Build Order
Export as new Build Order

Miszu Terran 

Build Orders: Liberator Opening 

Get SALT Encoding   

  12  0:01  SCV  
  13  0:13  SCV  
  14  0:17  Supply Depot  
  14  0:25  SCV  
  15  0:39  SCV  
  15  0:42  Barracks  
  16  0:43  Refinery  
  16  0:51  SCV  
  17  1:03  SCV  
  18  1:20  SCV  
  19  1:32  Orbital Command  
  19  1:37  Barracks Reactor  
  19  1:41  Command Center  
  19  1:51  Supply Depot  
  19  1:58  SCV  
  20  2:10  SCV  
  20  2:14  Marine x2  
  20  2:15  Factory  
  23  2:21  Refinery  
  23  2:22  SCV  
  24  2:31  Marine x2  
  24  2:34  SCV  
  27  2:46  SCV  
  27  2:51  Marine x2  
  30  2:55  Orbital Command  
  30  2:59  SCV  
  30  3:01  Starport  
  31  3:07  Factory Tech Lab  
  31  3:08  Marine  
  31  3:09  Marine  
  31  3:11  SCV  
  34  3:20  SCV  
  34  3:23  SCV  
  36  3:30  Liberator  
  36  3:32  SCV  
  36  3:33  Factory Tech Lab  
  37  3:35  SCV  
  37  3:36  Command Center  
  38  3:41  Fusion Core  
  38  3:45  SCV  
  42  3:50  SCV  
  43  3:56  Supply Depot  
  43  3:57  SCV  
  43  4:02  SCV  
  45  4:09  SCV  
  46  4:18  SCV  
  46  4:21  SCV  
  48  4:26  Barracks x2  
  48  4:28  Engineering Bay x2, Liberator  
  48  4:30  SCV  
  49  4:31  Refinery x2  
  52  4:41  Advanced Ballistics  
  52  4:42  SCV  
  53  4:47  SCV  
  53  4:51  Supply Depot  
  54  4:58  Orbital Command  
  54  5:02  SCV  
  54  5:05  SCV  
  56  5:14  SCV  
  56  5:17  Supply Depot, SCV  
  54  5:33  Marine  
  54  5:34  SCV x2  
  54  5:35  Marine x2  
  47  5:48  Marine  
Show
View Real Time Build Order
Export as new Build Order

IIIIIIIIIIII Zerg - Winner!

Build Orders: Hatch First 

Get SALT Encoding   

  12  0:00  Drone  
  13  0:14  Overlord  
  13  0:17  Drone  
  14  0:32  Drone x2  
  16  0:36  Drone  
  17  0:53  Hatchery  
  17  0:54  Drone  
  17  1:00  Drone  
  18  1:09  Extractor  
  17  1:15  Drone  
  17  1:16  Spawning Pool  
  17  1:19  Drone  
  18  1:29  Drone  
  19  1:40  Overlord  
  19  1:51  Drone  
  20  2:03  Queen  
  20  2:06  Drone, Evolution Chamber  
  20  2:07  Queen, Drone  
  25  2:13  Metabolic Boost  
  25  2:15  Drone  
  26  2:18  Drone  
  28  2:23  Drone  
  28  2:24  Evolution Chamber  
  28  2:28  Drone  
  29  2:36  Drone  
  30  2:39  Drone  
  31  2:45  Hatchery  
  31  2:50  Zerg Melee Weapons Level 1  
  30  2:52  Drone  
  30  2:53  Drone  
  32  2:59  Overlord  
  32  3:06  Overlord  
  32  3:08  Drone  
  32  3:11  Queen  
  35  3:14  Drone  
  35  3:17  Drone  
  35  3:18  Drone  
  38  3:20  Drone  
  38  3:23  Drone  
  38  3:25  Drone  
  38  3:26  Drone  
  42  3:28  Drone  
  43  3:36  Pneumatized Carapace  
  43  3:37  Overlord  
  44  3:48  Zergling x14  
  44  3:55  Overlord  
  50  3:59  Overlord  
  50  4:01  Zergling x4  
  52  4:05  Zergling x4  
  52  4:09  Zergling x2  
  55  4:13  Zergling x2  
  56  4:17  Zergling x8  
  56  4:21  Zergling x2  
  61  4:30  Zergling x2  
  61  4:31  Zergling x8  
  66  4:35  Zergling x2  
  66  4:38  Zergling x2  
  68  4:40  Zergling x2  
  68  4:44  Overlord  
  69  4:58  Zergling x6  
  69  4:59  Zergling x10  
  77  5:02  Overlord  
  77  5:11  Zergling x2  
  77  5:12  Zergling x8  
  79  5:16  Spore Crawler  
  79  5:17  Hatchery  
  79  5:18  Spore Crawler  
  72  5:31  Drone  
  72  5:32  Roach Warren, Drone x4  
  72  5:34  Extractor  
  66  5:51  Drone  
  66  5:52  Drone x8  
  66  5:54  Drone  
  68  5:58  Extractor  
Tags
 
Add a new tag
Caveats
  • Supply blocks, unpowered buildings, or Contaminate may cause inaccurate times.
  • Supply counts are checked every 10 seconds.